 Dungeon Crawl Stone Soup version 0.17.1-3-g152610e (webtiles) character file.

3641 MenacingMecha the Cleaver (level 9, -7/64 HPs)
             Began as a Mummy Berserker on Feb 22, 2016.
             Was a High Priest of Trog.
             Mangled by a hell rat (15 damage)
             ... on level 8 of the Dungeon.
             The game lasted 00:52:56 (9876 turns).

MenacingMecha the Cleaver (Mummy Berserker)         Turns: 9876, Time: 00:52:56

Health: -7/64      AC:  8    Str: 20    XL:     9   Next: 88%
Magic:  9/9        EV:  8    Int:  7    God:    Trog [*****.]
Gold:   393        SH:  0    Dex: 14    Spells: 0 memorised, 8 levels left

rFire  x . .     SeeInvis .     a - +1 hand axe (venom)
rCold  + . .     Clarity  .     l - +0 chain mail
rNeg   + + +     SustAt   .     (no shield)
rPois  ∞         Gourm    .     (no helmet)
rElec  .         Spirit   .     (no cloak)
rCorr  +         Warding  .     (no gloves)
rMut   .         Stasis   .     (no boots)
MR     +....                    p - amulet of resist corrosion
Stlth  ..........               (no ring)
                                m - ring of flight

@: somewhat resistant to hostile enchantments, extremely unstealthy
A: no food or potions, fire vulnerability, cold resistance 1, negative energy
resistance 3, torment resistance, unbreathing
a: Trog's Hand, Brothers in Arms, Burn Spellbooks, Renounce Religion, Evoke
Flight


You were on level 8 of the Dungeon.
You worshipped Trog.
Trog was extremely pleased with you.
You were not hungry.

You visited 1 branch of the dungeon, and saw 8 of its levels.
You also visited: Ossuary.

You collected 393 gold pieces.

Inventory:

Hand Weapons
 a - a +1 hand axe of venom (weapon)
 b - a +0 blowgun
 i - a +0 flail
 v - a +0 war axe
 w - a +3 battleaxe
 A - a +1 hand axe of flaming
Missiles
 c - 10 tomahawks (quivered)
 n - 20 poisoned needles
 u - a throwing net
 x - 5 needles of paralysis
 z - 5 steel javelins
Armour
 l - a +0 chain mail (worn)
 s - a +0 ring mail of fire resistance
 y - a +2 pair of gloves
Jewellery
 m - a ring of flight (left hand)
 p - an amulet of resist corrosion (around neck)
Wands
 r - a wand of flame (29)
Scrolls
 d - 2 scrolls of recharging
 e - 2 scrolls of remove curse
 f - a scroll of enchant armour {unknown}
 g - 2 scrolls of magic mapping {unknown}
 h - 2 scrolls of teleportation {unknown}
 j - 2 scrolls of immolation {unknown}
 k - 8 scrolls of identify
 o - a scroll of amnesia {unknown}
 q - a scroll of enchant weapon {unknown}
 t - 2 scrolls of random uselessness {unknown}
 B - 2 scrolls of noise {unknown}
 C - a scroll of blinking {unknown}


   Skills:
 - Level 3.5 Fighting
 + Level 11.2(11.4) Axes
 - Level 3.8(8.2) Maces & Flails
 - Level 1.6 Armour
 - Level 1.8 Dodging
 - Level 0.1 Stealth


You had 8 spell levels left.
You didn't know any spells.

Dungeon Overview and Level Annotations

Branches:
Dungeon (8/15)             Temple (0/1) D:6
   Lair: D:8-11

Altars:
Ashenzari
Cheibriados
Dithmenos
Fedhas
Trog
Vehumet
Xom
Zin
The Shining One

Shops:
D:4 (   D:7 %


Innate Abilities, Weirdness & Mutations

You do not eat or drink.
Your flesh is vulnerable to fire.
You are immune to poison.
Your flesh is cold resistant.
You are immune to negative energy.
You are immune to unholy pain and torment.
You can survive without breathing.


Message History

The hell rat is moderately wounded.
The hell rat bites you!
* * * LOW HITPOINT WARNING * * *
You hit the hell rat but do no damage.
The hell rat is poisoned.
The hell rat is moderately wounded.
The hell rat barely misses you.
You hit the hell rat but do no damage.
The hell rat is heavily wounded.
The hell rat bites you!
* * * LOW HITPOINT WARNING * * *
Things that are here:
a river rat corpse; a rat corpse You see here a rat corpse.
Your chain mail prevents you from hitting the hell rat.
The hell rat is severely wounded.
The hell rat bites you but does no damage.
You hit the hell rat.
The hell rat looks even sicker.
The hell rat is severely wounded.
The hell rat bites you!
You die...

#.## ## ####.##
#. #..##.# .
#.##†#.#
#!#.#.# #.†..#
#...#.# #
#.#.†##.# #.#
..#.##@#.##....
#.####
#r##...... #
##†.......
#.........
#........#
##.......#
#########


You could see a hell rat.

Vanquished Creatures
  Prince Ribbit (D:6)
  A hippogriff (D:6)
  4 ogres
  An orc warrior (D:8)
  2 sky beasts
  3 ice beasts
  A phantom (D:4)
  2 centaurs
  An elf zombie (Ossuary)
  4 giant frogs (D:6)
  A wyvern skeleton (D:8)
  A scorpion (D:5)
  6 killer bees (D:7)
  A centaur zombie (Ossuary)
  4 crimson imps
  A hound (D:6)
  A quasit (D:6)
  A giant frog zombie (D:6)
  2 iguanas
  2 giant frog skeletons
  A centaur skeleton (D:8)
  3 gnoll shamans
  A human zombie (Ossuary)
  An orc priest (D:8)
  A hell rat (D:8)
  6 worker ants
  5 orc wizards
  2 big kobold zombies (Ossuary)
  A hound skeleton (D:5)
  A hound zombie (D:5)
  2 mummies (Ossuary)
  4 adders
  16 gnolls
  3 river rats (D:8)
  4 shadow imps
  A worm (D:5)
  3 giant geckos
  27 orcs
  2 ball pythons
  7 bats
  13 hobgoblins
  16 jackals
  4 quokkas
  4 giant cockroaches
  A giant gecko skeleton (D:8)
  6 giant newts
  9 goblins
  2 goblin zombies (Ossuary)
  12 hobgoblin zombies (Ossuary)
  5 kobolds
  7 kobold zombies (Ossuary)
  11 orc zombies (Ossuary)
  A quokka skeleton (D:6)
  A quokka zombie (D:6)
  25 rats
  2 rat zombies (D:8)
  9 bushes (D:6)
259 creatures vanquished.

Vanquished Creatures (collateral kills)
  5 wights (D:7)
5 creatures vanquished.

Grand Total: 264 creatures vanquished

Notes
Turn   | Place    | Note
--------------------------------------------------------------
     0 | D:1      | MenacingMecha the Mummy Berserker began the quest for the Orb.
     0 | D:1      | Reached XP level 1. HP: 18/18 MP: 1/1
   197 | D:1      | Reached XP level 2. HP: 9/24 MP: 2/2
  1119 | D:1      | Reached ** piety under Trog
  1119 | D:1      | Reached XP level 3. HP: 29/29 MP: 3/3
  2110 | D:2      | Found a glowing golden altar of the Shining One.
  2484 | D:3      | Reached XP level 4. HP: 28/35 MP: 4/4
  2500 | D:3      | Found a shattered altar of Ashenzari.
  2502 | D:3      | Found a snail-covered altar of Cheibriados.
  2808 | D:4      | Reached *** piety under Trog
  3017 | D:4      | Reached skill level 1 in Axes
  3037 | D:4      | Found Lythrula's Antique Weapon Shop.
  3079 | D:4      | Reached XP level 5. HP: 41/41 MP: 5/5
  4005 | D:4      | Reached XP level 6. HP: 47/47 MP: 6/6
  4123 | D:4      | Noticed a phantom
  4158 | D:4      | Killed a phantom
  4158 | D:4      | Reached skill level 4 in Axes
  4432 | D:5      | Entered Level 5 of the Dungeon
  4441 | D:5      | Found a bloodstained altar of Trog.
  4906 | D:5      | Reached skill level 5 in Axes
  4906 | D:5      | Reached XP level 7. HP: 30/52 MP: 7/7
  5036 | D:5      | Found a shattered altar of Ashenzari.
  5554 | D:5      | Found a radiant altar of Vehumet.
  5627 | D:5      | Found a shattered altar of Ashenzari.
  5734 | D:5      | Reached skill level 6 in Axes
  6023 | D:6      | Found a shimmering altar of Xom.
  6025 | D:6      | Found a blossoming altar of Fedhas.
  6245 | D:5      | Reached **** piety under Trog
  6452 | D:6      | Reached XP level 8. HP: 36/58 MP: 8/8
  6715 | D:6      | Found a staircase to the Ecumenical Temple.
  6731 | D:6      | Reached skill level 7 in Axes
  7094 | D:6      | Noticed Prince Ribbit
  7115 | D:6      | Killed Prince Ribbit
  7115 | D:6      | Reached skill level 8 in Axes
  7528 | D:6      | Reached skill level 9 in Axes
  7591 | D:6      | Reached XP level 9. HP: 59/64 MP: 9/9
  8063 | D:7      | Found Jouzuggebe's Food Shop.
  8341 | D:7      | Found a shadowy altar of Dithmenos.
  8400 | D:7      | Reached skill level 10 in Axes
  8540 | D:7      | Found a glowing silver altar of Zin.
  8937 | D:8      | Received a gift from Trog
  9236 | D:8      | Found a sand-covered staircase.
  9247 | Ossuary  | Entered an ossuary
  9415 | Ossuary  | Reached skill level 11 in Axes
  9836 | D:8      | Reached ***** piety under Trog
  9876 | D:8      | Mangled by a hell rat

Action                   |  1- 3 |  4- 6 |  7- 9 || total
-------------------------+-------+-------+-------++-------
Melee: Mace              |   190 |       |       ||   190
       Flail             |     6 |    38 |       ||    44
       Hand axe          |       |   134 |   609 ||   743
 Fire: Blowgun           |       |    30 |    40 ||    70
Throw: Tomahawk          |       |     5 |    12 ||    17
Invok: Trog's Hand       |       |     1 |     3 ||     4
       Brothers in Arms  |       |       |     1 ||     1
  Use: Scroll            |     2 |       |     3 ||     5
 Stab: Sleeping          |     1 |       |       ||     1
